 Dungeon Crawl Stone Soup version 0.30-a0-639-g3916f1956a (webtiles) character file.

Game seed: 8895418823200995212

79 acebull12 the Shield-Bearer (level 4, -4/37 HPs)
             Began as a Formicid Fighter on Jan 17, 2023.
             Slain by a gnoll
             ... wielding a +0 flail
              (8 damage)
             ... on level 3 of the Dungeon.
             The game lasted 00:03:15 (2160 turns).

acebull12 the Shield-Bearer (Formicid Fighter)      Turns: 2160, Time: 00:03:15

Health: -4/37      AC:  8    Str: 23    XL:     4   Next: 64%
Magic:  4/4        EV:  9    Int:  7    God:
Gold:   168        SH:  5    Dex: 13    Spells: 3/3 levels left

rFire   . . .      SeeInvis +    a - +0 flail
rCold   . . .      Faith    .    c - +0 buckler
rNeg    . . .      Spirit   .    b - +0 scale mail
rPois   .          Reflect  .    (helmet unavailable)
rElec   .          Harm     .    (no cloak)
rCorr   .          Rampage  .    (no gloves)
Will    .....                    g - +0 pair of boots Stlth
                                 (no amulet)
HPRegen 0.26/turn                (no ring)
MPRegen 0.09/turn                (no ring)

@: no status effects
A: permanent stasis, dig shafts and tunnels, antennae 3, four strong arms
a: Dig, Shaft Self


You were on level 3 of the Dungeon.
You visited 1 branch of the dungeon, and saw 3 of its levels.

You collected 168 gold pieces.

Inventory:

Hand Weapons
 a - a +0 flail (weapon)
Missiles
 j - 6 javelins
 n - 4 poisoned darts
 t - 13 stones
Armour
 b - a +0 scale mail (worn)
 c - a +0 buckler (worn)
 g - a +0 pair of boots (worn)
Wands
 w - a wand of flame (14)
Scrolls
 e - 3 scrolls of identify {unknown}
 f - 2 scrolls of vulnerability {unknown}
 i - a scroll of fog {unknown}
 k - a scroll of blinking {unknown}
 l - a scroll of immolation {unknown}
 o - 2 scrolls of noise {unknown}
 r - a scroll of poison {unknown}
 s - 2 scrolls of fear {unknown}
Potions
 d - a potion of might
 h - 2 potions of magic {unknown}
 m - a potion of resistance {unknown}
 p - 2 potions of curing {unknown}
 q - a potion of mutation {unknown}
 u - a potion of heal wounds {unknown}
 v - a potion of ambrosia {unknown}


   Skills:
 + Level 3.7 Fighting
 * Level 3.5 Maces & Flails
 * Level 0.6 Throwing
 + Level 3.6 Armour
 + Level 4.3 Shields


You had 3 spell levels left.
You didn't know any spells.
Your spell library contained the following spells:

 Spells                   Type           Power      Damage    Failure   Level
 Sublimation of Blood     Necr           0%         N/A       91%         2
 Wereblood                Tmut           0%         N/A       91%         2
 Manifold Assault         Tloc           0%         N/A       100%        4
 Storm Form               Tmut/Air       0%         N/A       100%        7
 Summon Hydra             Summ           0%         N/A       100%        7
 Blink                    Tloc           Unusable   N/A       N/A         2

Dungeon Overview and Level Annotations

Branches:
Dungeon (3/15)

Altars:

Shops:
D:1 *


Innate Abilities, Weirdness & Mutations

You cannot be hasted, slowed, berserked, paralysed or teleported.
You can dig through walls and to a lower floor.
You have a pair of large antennae on your head. (SInv)
Your four strong arms can wield two-handed weapons with a shield.


Message History

You hit the goblin.
You kill the goblin!
No target in view!
You now have 168 gold pieces (gained 11).
Found a trident.
You see here a +0 trident.
p - 2 sapphire potions (gained 1)
The frilled lizard hisses angrily.
A frilled lizard is nearby!
The gnoll shouts!
You hear a shout! x2
The frilled lizard barely misses you.
You thump the frilled lizard!
You kill the frilled lizard!
The frilled lizard hisses angrily.
The gnoll hits you with a +0 halberd.
You closely miss the gnoll. The gnoll hits you with a +0 halberd.
You barely miss the gnoll. The gnoll hits you but does no damage.
The gnoll closely misses you.
You barely miss the gnoll. You block the gnoll's attack.
The gnoll hits you with a +0 flail!
The gnoll hits you from afar with a +0 halberd!
The gnoll attacks as you move away! You block the gnoll's attack.
The gnoll attacks as you move away! The gnoll hits you with a +0 flail.
You hit the gnoll.
The gnoll is lightly wounded.
The gnoll closely misses you. x2
The gnoll misses you. The gnoll attacks as you move away!
The gnoll hits you with a +0 flail.
You barely miss the gnoll.
The gnoll is lightly wounded.
The gnoll hits you but does no damage. The gnoll attacks as you move away!
You block the gnoll's attack. The gnoll attacks as you move away!
You block the gnoll's attack.
The frilled lizard hisses.
The gnoll attacks as you move away! The gnoll hits you with a +0 flail!
* * * LOW HITPOINT WARNING * * *
You hit the gnoll but do no damage.
The gnoll is lightly wounded.
The gnoll hits you with a +0 flail!
You die...

#....# #....# #....## #######
#.....##.......
######......<.#
.........#..###
......<.....###### .
.............#...### .
...........#....@g.#### .#
...........##.#.......### .#
...........##..###g.#...# #.#
#
...........###....#.....##..#
### ..........##
####.#.gl.g...# ##.l
..........#
###...####..####..#
###..####.#####....##
#...##..{## #.# #.##....##.#
#..{...### #....#####.##
#.....##


You could see 4 gnolls and a frilled lizard.

Vanquished Creatures
  4 gnolls
  An adder (D:2)
  A worm (D:2)
  An endoplasm (D:1)
  2 giant cockroaches (D:1)
  2 hobgoblins (D:2)
  4 quokkas
  2 ball pythons (D:2)
  3 bats
  3 frilled lizards
  3 goblins
  3 kobolds
  2 rats (D:1)
31 creatures vanquished.

Notes
Turn   | Place    | Note
-------+----------+-------------------------------------------
     0 | D:1      | acebull12 the Formicid Fighter began the quest for the Orb.
     0 | D:1      | Reached XP level 1. HP: 18/18 MP: 1/1
    96 | D:1      | Found Bymuesia's Assorted Antiques.
   117 | D:1      | Found a faded altar of an unknown god.
   160 | D:1      | Reached XP level 2. HP: 24/24 MP: 2/2
   913 | D:2      | Reached XP level 3. HP: 21/30 MP: 3/3
  1189 | D:1      | Reached XP level 4. HP: 21/37 MP: 4/4
  2160 | D:3      | Slain by a gnoll

Illustrated notes

Levels and vault maps discovered:
D:1:      roderic_dead_forest, layout_basic, dreamdust_ecumenical_altar_statues,
          serial_shops, nicolae_shop_stone
D:2:      layout_basic, serial_park_tiny_pond, minmay_misc_feat_nine_boxes
D:3:      layout_rooms

Skill      XL: |  1  2  3 |
---------------+----------+-----
Maces & Flails | 3 |  3.5
Fighting       | |  3.7
Throwing       | |  0.6
Armour         | |  3.6
Shields        | |  4.3

Action                   |  1- 3 |  4- 6 || total
-------------------------+-------+-------++-------
Melee: Flail             |    61 |    49 ||   110
 Abil: Dig               |     1 |       ||     1
Armor: Scale mail        |    26 |    17 ||    43
Dodge: Dodged            |    26 |    23 ||    49
Block: Buckler           |    18 |    11 ||    29

Table legend: (Time is in decaauts)
 A = Elapsed time spent in this place.
 B = Non-inter-level travel time spent in this place.
 C = Inter-level travel time spent in this place.
 D = Time resting spent in this place.
 E = Time spent auto-exploring this place.
 F = Levels seen in this place.
 G = Mean time per level.
                   A        B        C        D        E       F      G
               +--------+--------+--------+--------+--------+-----+--------+
         Total |   2196 |   1900 |    296 |     62 |   1400 |   3 |  732.0 |
       Dungeon |   2196 |   1900 |    296 |     62 |   1400 |   3 |  732.0 |
               +--------+--------+--------+--------+--------+-----+--------+

Top non-repeatable levels by time:
     D:2: 1137 daAuts
     D:1: 930 daAuts
     D:3: 128 daAuts
